 Dungeon Crawl Stone Soup version 0.31-a0-43-g46d131a48f (webtiles) character file.

Game seed: 4505743805717022774

58 dracfodder the Trooper (level 4, -4/49 HPs)
             Began as an Ogre Cinder Acolyte on May 18, 2023.
             Was a High Priest of Ignis.
             Slain by Grinder (7 damage)
             ... on level 3 of the Dungeon.
             The game lasted 00:08:39 (2117 turns).

dracfodder the Trooper (Ogre Cinder Acolyte)        Turns: 2117, Time: 00:08:40

Health: -4/49      AC:  4    Str: 20    XL:     4   Next: 2%
Magic:  5/6        EV:  9    Int: 15    God:    Ignis [*****.]
Gold:   41         SH:  0    Dex:  4    Spells: 4/6 levels left

rFire   + . .        a - -1 hand axe (flame)
rCold   . . .        (no shield)
rNeg    . . .        b - +1 robe
rPois   .            (helmet restricted)
rElec   .            (no cloak)
rCorr   .            (gloves unavailable)
SInv    .            (boots unavailable)
Will    .....        (no amulet)
Stlth   +            (no ring)
HPRegen 0.28/turn    (no ring)
MPRegen 0.10/turn

%: no passive effects
@: no status effects
A: large, unfitting armour, tough skin 1
a: Renounce Religion, Fiery Armour, Foxfire Swarm, Rising Flame


You were on level 3 of the Dungeon.
You worshipped Ignis.
Ignis was extremely pleased with you.
You visited 1 branch of the dungeon, and saw 3 of its levels.

You collected 55 gold pieces.
You spent 14 gold pieces at shops.

Inventory:

Hand Weapons
 a - a -1 hand axe of flaming (weapon)
Armour
 b - a +1 robe (worn)
Scrolls
 c - a scroll of identify
 g - a scroll of magic mapping
 h - 2 scrolls of poison
Potions
 j - a potion of attraction


   Skills:
 + Level 4.9 Fighting
 + Level 3.5 Axes
 + Level 0.7 Dodging
 + Level 1.5 Spellcasting
 + Level 3.1 Fire Magic


You had 4 spell levels left.
You knew the following spells:

 Your Spells              Type           Power      Damage    Failure   Level
a - Scorch                Fire           20%        2d5       10%         2

Your spell library contained the following spells:

 Spells                   Type           Power      Damage    Failure   Level


Dungeon Overview and Level Annotations

Branches:
Dungeon (3/15)

Altars:
Kikubaaqudgha

Shops:
D:1 !   D:2 [

Annotations:
D:3 Grinder


Innate Abilities, Weirdness & Mutations

You are too large for most types of armour.
You have tough skin. (AC +1)


Message History

You see here a ball python corpse.
Grinder gestures at you. Pain shoots through your body!
You barely miss Grinder.
Grinder is severely wounded.
Grinder hits you.
You hit Grinder. You burn Grinder.
Grinder is severely wounded.
Grinder hits you.
You writhe in agony.
You hit Grinder but do no damage.
Grinder is severely wounded.
Grinder hits you.
You writhe in agony.
You barely miss Grinder.
Grinder is severely wounded.
Grinder hits you.
* * * LOW HITPOINT WARNING * * *
You writhe in agony.
* * * LOW HITPOINT WARNING * * *
You hit Grinder but do no damage.
Grinder is severely wounded.
Grinder hits you but does no damage.
You feel better. Grinder gestures at you. Pain shoots through your body!
* * * LOW HITPOINT WARNING * * *
You feel better. Grinder closely misses you.
You closely miss Grinder.
Grinder is severely wounded.
Grinder gestures at you. Pain shoots through your body!
* * * LOW HITPOINT WARNING * * *
It was a potion of magic.
Magic courses through your body. Grinder barely misses you.
Unknown command.
Casting: Scorch (safe; 10% risk of failure)
Confirm with . or Enter, or press ? or * to list all spells.
Flames lash Grinder.
Grinder is almost dead.
Grinder's fire resistance burns away.
Grinder hits you!
You die...

,,,,,* *,,,,,,,,,,,**,,,* ******
*,,***,*********** * *,,,,,,* *
*,****** ******* *,* ,,,,,,* *,*
*,***,* *,* **#####***
*,*,*,***,*#######......,,*
,,,*,,,,,,*#..†.@5..(.#,*,*
,,***,*****#.#####..#...*,*******
*,,*,,* #.# *,.#*,,,,,,,,,,,
,,,,,,* #.# *,,#**,*,******,
*,,,*** #.## *,,,,,,*,* *, *,,,*
#..# **,,,,,,,* *, *,,,*
#######.# ######### *, *,,,*
#.......# #.......# *,
*,,,**#.......## #.......#*****,


You could see Grinder (combustible).

Vanquished Creatures
  An adder (D:2)
  A worm (D:2)
  A dart slug (D:1)
  6 ball pythons
  4 bats
  4 endoplasms
  2 giant cockroaches (D:1)
  2 goblins (D:2)
  4 hobgoblins (D:1)
  4 kobolds
  4 frilled lizards
  14 rats (D:1)
47 creatures vanquished.

Notes
Turn   | Place    | Note
-------+----------+-------------------------------------------
     0 | D:1      | dracfodder the Ogre Cinder Acolyte began the quest for the
                  | Orb.
     0 | D:1      | Reached XP level 1. HP: 24/24 MP: 2/2
   118 | D:1      | Reached XP level 2. HP: 30/32 MP: 3/3
   122 | D:1      | Learned a level 2 spell: Scorch
   347 | D:1      | Found Eckikkyadu's Distillery.
   670 | D:1      | Reached XP level 3. HP: 39/40 MP: 2/4
   876 | D:1      | Found a faded altar of an unknown god.
  1493 | D:2      | Found an ancient bone altar of Kikubaaqudgha.
  1510 | D:2      | Found Ceaxy's Antique Armour Shop.
  1748 | D:1      | Reached XP level 4. HP: 47/49 MP: 6/6
  1766 | D:1      | Bought a potion of degeneration for 14 gold pieces
  2079 | D:3      | Noticed Grinder
  2100 | D:3      | Paralysed by Grinder for 2 turns
  2117 | D:3      | Slain by Grinder

Illustrated notes

Levels and vault maps discovered:
D:1:      minmay_arrival_four_loops, layout_basic,
          ebering_ecumenical_altar_abandoned, serial_shops,
          nicolae_shop_behind_doors, chequers_serial_rivers_micro_a,
          minmay_rat_gold_closets
D:2:      layout_rooms, serial_shops, shop, basic_altar
D:3:      layout_loops_cross, trog_book, serial_shops,
          nicolae_shop_gaudy_bauble, ebering_ghost_inner_flame, uniq_jessica,
          uniq_grinder

Skill      XL: |  1  2  3 |
---------------+----------+-----
Fire Magic     | 3 |  3.1
Fighting       | |  4.9
Axes           | |  3.5
Dodging        | |  0.7
Spellcasting   | |  1.5

Action                     |  1- 3 |  4- 6 || total
---------------------------+-------+-------++-------
  Melee: Hand axe          |   112 |    14 ||   126
         Punch             |     1 |       ||     1
  Throw: Javelin           |     2 |     4 ||     6
   Cast: Scorch            |    16 |     4 ||    20
    Use: Scroll            |     1 |     6 ||     7
         Potion            |       |     3 ||     3
 Armour: Robe              |    41 |     3 ||    44
  Dodge: Dodged            |    52 |     7 ||    59

Table legend: (Time is in decaauts)
 A = Elapsed time spent in this place.
 B = Non-inter-level travel time spent in this place.
 C = Inter-level travel time spent in this place.
 D = Time resting spent in this place.
 E = Time spent auto-exploring this place.
 F = Levels seen in this place.
 G = Mean time per level.
                   A        B        C        D        E       F      G
               +--------+--------+--------+--------+--------+-----+--------+
         Total |   2138 |   2029 |    109 |    345 |   1333 |   3 |  712.7 |
       Dungeon |   2138 |   2029 |    109 |    345 |   1333 |   3 |  712.7 |
               +--------+--------+--------+--------+--------+-----+--------+

Top non-repeatable levels by time:
     D:1: 1155 daAuts
     D:2: 718 daAuts
     D:3: 264 daAuts
